 Dungeon Crawl Stone Soup version 0.30-a0-439-g9e77e4d916 (webtiles) character file.

Game seed: 390175834545633263

20621 cforsyth the Fighter (level 12, -1/169 HPs)
             Began as a Minotaur Berserker on Dec 11, 2022.
             Was a High Priest of Trog.
             Slain by a centaur warrior simulacrum (28 damage)
             ... on level 13 of the Dungeon.
             The game lasted 00:20:35 (12466 turns).

cforsyth the Fighter (Minotaur Berserker)          Turns: 12466, Time: 00:20:36

Health: -1/169     AC: 23    Str: 26    XL:     12   Next: 47%
Magic:  11/11      EV: 15    Int:  4    God:    Trog [*****.]
Gold:   951        SH:  3    Dex: 15    Spells: 11/11 levels left

rFire   + . .      SeeInvis +    t - +5 war axe
rCold   . . .      Faith    .    c - +0 buckler
rNeg    . . .      Spirit   .    n - +9 scale mail of the Demon Prince {Dex+4}
rPois   +          Reflect  .    I - +0 hat {SInv}
rElec   .          Harm     .    w - +0 cloak {Will+}
rCorr   .          Rampage  .    B - +0 pair of gloves
Will    +....                    m - +0 pair of boots
Stlth   ..........               (no amulet)
HPRegen 0.48/turn                g - ring of poison resistance
MPRegen 0.12/turn                q - ring of protection from fire

@: berserking, marked, very quick
A: horns 2, retaliatory headbutt
a: Renounce Religion, Berserk, Trog's Hand, Brothers in Arms


You were on level 13 of the Dungeon.
You worshipped Trog.
Trog was extremely pleased with you.
You visited 1 branch of the dungeon, and saw 13 of its levels.

You collected 951 gold pieces.

Inventory:

Hand Weapons
 a - a +0 hand axe of freezing
 f - a +2 vorpal spear
 t - a +5 war axe (weapon)
Missiles
 G - a throwing net (quivered)
Armour
 c - a +0 buckler (worn)
 m - a +0 pair of boots (worn)
 n - the +9 scale mail of the Demon Prince (worn) {Dex+4}
   (You found it on level 2 of the Dungeon)

   Dex:       It affects your dexterity (+4).
 w - a +0 cloak of willpower (worn)
 B - a +0 pair of gloves (worn)
 I - a +0 hat of see invisible (worn)
Jewellery
 g - a ring of poison resistance (left hand)
 q - a ring of protection from fire (right hand)
 D - a ring of flight
 H - a ring of resist corrosion
 K - a ring of positive energy
Wands
 z - a wand of charming (16)
 C - a wand of polymorph (8)
 J - a wand of mindburst (5)
Scrolls
 b - a scroll of fear
 d - 8 scrolls of teleportation {unknown}
 i - 2 scrolls of amnesia {unknown}
 l - a scroll of butterflies
 o - 3 scrolls of blinking
 v - 3 scrolls of magic mapping
 y - 2 scrolls of immolation
 L - a scroll of enchant armour {unknown}
Potions
 e - 2 potions of mutation
 h - 5 potions of heal wounds
 j - 4 potions of curing
 k - 3 potions of haste {unknown}
 p - 4 potions of might
 r - 2 potions of degeneration {unknown}
 s - a potion of attraction {unknown}
 u - 2 potions of lignification {unknown}
 x - 5 potions of brilliance {unknown}
 A - 2 potions of invisibility {unknown}
 E - 2 potions of flight {unknown}
 F - a potion of magic {unknown}
 M - a potion of ambrosia {unknown}


   Skills:
 + Level 12.6 Fighting
 + Level 12.6 Axes
 + Level 12.3 Armour
 + Level 11.3 Dodging
 - Level 5.0 Evocations


You had 11 spell levels left.
You didn't know any spells.
Your spell library was empty.

Dungeon Overview and Level Annotations

Branches:
Dungeon (13/15)            Temple (0/1) D:7            Lair (0/5) D:10
    Orc (0/2) D:11
 Vaults: D:13-14

Altars:
Dithmenos
Kikubaaqudgha
Okawaru
Uskayaw

Shops:
D:9 (


Innate Abilities, Weirdness & Mutations

You have a pair of horns on your head.
You reflexively headbutt those who attack you in melee.


Message History

You hit the boulder beetle.
The boulder beetle is severely wounded.
The boulder beetle leaps!
Unknown command.
You block the boulder beetle's attack.
You barely miss the boulder beetle.
The boulder beetle is severely wounded.
The boulder beetle waves its antennae.
The boulder beetle bites you but does no damage.
You hit the boulder beetle but do no damage.
The boulder beetle is severely wounded.
A centaur warrior simulacrum comes into view.
The boulder beetle bites you but does no damage.
You hit the boulder beetle.
You headbutt the boulder beetle, but do no damage.
The boulder beetle is almost dead.
You slash the boulder beetle!
The boulder beetle is almost dead.
The boulder beetle bites you but does no damage.
Unknown command.
A red film seems to cover your vision as you go berserk!
You feel yourself moving faster!
You feel mighty! The boulder beetle bites you!!
You hit the boulder beetle but do no damage.
The boulder beetle is almost dead.
You slash the centaur warrior simulacrum!
The centaur warrior simulacrum closely misses you.
The centaur warrior simulacrum kicks you.
The centaur warrior simulacrum freezes you!!
* * * LOW HITPOINT WARNING * * *
The boulder beetle bites you!
* * * LOW HITPOINT WARNING * * *
You hit the boulder beetle but do no damage.
You headbutt the boulder beetle, but do no damage.
The boulder beetle is almost dead.
You slash the centaur warrior simulacrum!
The centaur warrior simulacrum hits you.
* * * LOW HITPOINT WARNING * * *
The centaur warrior simulacrum freezes you!!
You die...

######## #..#...##
#.......#
#.......#
#....B..# ###
#...@#
.##..##...Z#
...........+
.......[...#
.....##..###
.#########..####.
..................
..................
###.##..######....


You could see a boulder beetle and a centaur warrior simulacrum.

Vanquished Creatures
  Gastronok (D:8)
  Snorg (D:12)
  Josephine (D:11)
  Fannar (D:10)
  2 two-headed ogres (D:9)
  Amaemon (D:11)
  2 deep elf pyromancers (D:12)
  An ugly thing (D:12)
  2 manticores
  2 unseen horrors (D:12)
  A gargoyle (D:11)
  An orange demon (D:11)
  A komodo dragon (D:10)
  4 trolls
  A hornet (D:7)
  Prince Ribbit (D:7)
  6 slime creatures (D:12)
  3 wyverns
  22 yaks
  A shadow (D:12)
  4 wraiths
  A steam dragon (D:8)
  3 vampire mosquitoes (D:12)
  Edmund (D:6)
  2 acid dragons
  2 water moccasins (D:6)
  Duvessa (D:7)
  3 ice beasts
  A black bear (D:5)
  3 orc warriors
  2 sky beasts
  9 centaurs
  3 ogres
  4 phantoms
  A kobold brigand (D:9)
  3 bullfrogs
  2 gnoll sergeants
  6 scorpions
  4 wights (D:10)
  Dowan (D:7)
  9 killer bees
  2 howler monkeys (D:9)
  2 jellies (D:8)
  6 orc priests
  4 hounds
  3 iguanas
  10 orc wizards
  Robin (D:2)
  12 gnolls
  9 adders
  A shadow imp (D:5)
  A white imp (D:5)
  3 ufetubi
  4 dart slugs
  16 orcs
  8 bats
  2 endoplasms (D:3)
  11 goblins
  8 hobgoblins
  9 jackals
  3 quokkas
  7 ball pythons
  4 frilled lizards
  9 kobolds
  4 rats
259 creatures vanquished.

Vanquished Creatures (others)
  A centaur (D:12)
  13 fungi (D:10)
  2 plants (D:10)
16 creatures vanquished.

Grand Total: 275 creatures vanquished

Notes
Turn   | Place    | Note
-------+----------+-------------------------------------------
     0 | D:1      | cforsyth the Minotaur Berserker began the quest for the
                  | Orb.
     0 | D:1      | Reached XP level 1. HP: 19/19 MP: 0/0
   101 | D:1      | Reached XP level 2. HP: 25/27 MP: 1/1
   647 | D:2      | Noticed Robin
   652 | D:2      | Reached ** piety under Trog
   654 | D:2      | Reached XP level 3. HP: 22/33 MP: 2/2
  1119 | D:2      | Killed Robin
  1450 | D:2      | Reached XP level 4. HP: 40/40 MP: 3/3
  1620 | D:2      | Identified the +9 scale mail of the Demon Prince {Dex+4}
  1911 | D:3      | Identified the +0 robe "Jiocykk" {rCorr Str+8 Int-4 Slay+3}
  2001 | D:3      | Found an iron altar of Okawaru.
  2018 | D:3      | Reached XP level 5. HP: 17/47 MP: 4/4
  2403 | D:3      | Noticed an ogre
  2410 | D:3      | Killed an ogre
  2411 | D:3      | Reached skill level 5 in Fighting
  2411 | D:3      | Reached skill level 5 in Axes
  2716 | D:4      | Reached XP level 6. HP: 56/56 MP: 5/5
  3087 | D:4      | Reached *** piety under Trog
  3088 | D:4      | Reached skill level 5 in Armour
  3244 | D:5      | Entered Level 5 of the Dungeon
  3261 | D:5      | Reached XP level 7. HP: 62/62 MP: 6/6
  3379 | D:5      | Reached skill level 5 in Dodging
  3509 | D:5      | Noticed a troll
  3521 | D:5      | Reached XP level 8. HP: 57/71 MP: 7/7
  3535 | D:5      | Killed a troll
  4551 | D:6      | Noticed Edmund
  4568 | D:6      | Reached XP level 9. HP: 81/81 MP: 8/8
  4574 | D:6      | Killed Edmund
  4826 | D:6      | Reached **** piety under Trog
  5515 | D:7      | Noticed Dowan
  5516 | D:7      | Noticed Duvessa
  5526 | D:7      | Killed Duvessa
  5527 | D:7      | Killed Dowan
  5652 | D:7      | Found a staircase to the Ecumenical Temple.
  5893 | D:7      | You fall into a shaft and drop 1 floor!
  6245 | D:8      | Noticed Gastronok
  6276 | D:8      | Killed Gastronok
  6277 | D:8      | Reached XP level 10. HP: 44/92 MP: 9/9
  6425 | D:8      | Identified the +1 leather armour of Reukoh {Will+}
  6445 | D:7      | Noticed Prince Ribbit
  6481 | D:7      | Killed Prince Ribbit
  6690 | D:7      | Found a shadowy altar of Dithmenos.
  7743 | D:9      | Reached skill level 10 in Fighting
  7743 | D:9      | Reached skill level 10 in Axes
  7749 | D:9      | Found Gius's Weapon Emporium.
  7849 | D:9      | Noticed a two-headed ogre
  7862 | D:9      | Killed a two-headed ogre
  7962 | D:9      | Noticed a two-headed ogre
  7964 | D:9      | Reached skill level 10 in Armour
  7972 | D:9      | Killed a two-headed ogre
  8147 | D:9      | Reached ***** piety under Trog
  8847 | D:10     | Entered Level 10 of the Dungeon
  8984 | D:10     | Reached XP level 11. HP: 67/101 MP: 10/10
  9005 | D:10     | Reached skill level 1 in Evocations
  9134 | D:10     | Noticed Fannar
  9156 | D:10     | Killed Fannar
  9400 | D:10     | Found a staircase to the Lair.
  9461 | D:10     | Reached skill level 10 in Dodging
  9811 | D:10     | Found a hide-covered altar of Uskayaw.
  9915 | D:10     | Found an ancient bone altar of Kikubaaqudgha.
 10221 | D:11     | Noticed Josephine
 10236 | D:11     | Killed Josephine
 10420 | D:11     | Identified the +8 broad axe of Painful Death {vorpal, rPois
                  | rC++ rN+ Str-5}
 10588 | D:11     | Received a gift from Trog
 10914 | D:11     | Found a staircase to the Orcish Mines.
 11123 | D:11     | Noticed Amaemon
 11136 | D:11     | Killed Amaemon
 11304 | D:12     | Noticed a deep elf pyromancer
 11308 | D:12     | Killed a deep elf pyromancer
 11309 | D:12     | Reached XP level 12. HP: 112/112 MP: 11/11
 11787 | D:12     | Noticed Snorg
 11803 | D:12     | Killed Snorg
 12435 | D:13     | Noticed a boulder beetle
 12443 | D:13     | Reached skill level 5 in Evocations
 12466 | D:13     | Slain by a centaur warrior simulacrum

Illustrated notes

Levels and vault maps discovered:
D:1:      tarquinn_simple_flora_water_e, layout_basic
D:2:      layout_basic, uniq_robin
D:3:      layout_loops_ring, general_overflow_altar
D:4:      layout_gridville
D:5:      cheibrodos_barr_body, layout_loops_ring
D:6:      layout_basic, uniq_edmund
D:7:      layout_gridville, kennysheep_little_box, temple_pool_b, minivault_22,
          uniq_duvessa, uniq_prince_ribbit1
D:8:      layout_basic, uniq_gastronok
D:9:      layout_irregular_city, serial_shops, shop
D:10:     layout_basic, mainiacjoe_overflow_catch_the_wave, dpeg_oklobed_lair,
          uniq_fannar
D:11:     layout_gridville, orc_0_dummy, uniq_amaemon, uniq_josephine
D:12:     layout_irregular_city, uniq_snorg
D:13:     layout_gridville, tgw_fedhas

Skill      XL: |  1  2  3  4  5  6  7  8  9 10 11 12 |
---------------+-------------------------------------+-----
Axes           | 4 5 6 7 9 10 12 | 12.6
Fighting       | 4 5 6 7 9 10 12 | 12.6
Armour         | 3 4 5 6 7 9 10 11 12 | 12.3
Dodging        | 3 4 5 6 8 9 10 11 | 11.3
Evocations     | 4 5 |  5.0

Action                   |  1- 3 |  4- 6 |  7- 9 | 10-12 || total
-------------------------+-------+-------+-------+-------++-------
Melee: Hand axe          |    82 |    98 |   280 |   120 ||   580
       Headbutt          |    12 |    16 |    59 |   101 ||   188
       Punch             |       |       |     3 |     1 ||     4
       Spear             |       |       |       |   147 ||   147
       War axe           |       |       |       |   180 ||   180
Invok: Berserk           |       |     2 |     4 |     5 ||    11
       Trog's Hand       |       |       |       |     1 ||     1
  Use: Scroll            |       |       |       |    15 ||    15
Armor: Animal skin       |    16 |       |       |       ||    16
       Scale mail        |    33 |    51 |   143 |   202 ||   429
Dodge: Dodged            |    71 |    46 |   173 |   290 ||   580
Block: Buckler           |       |       |       |    50 ||    50

Table legend: (Time is in decaauts)
 A = Elapsed time spent in this place.
 B = Non-inter-level travel time spent in this place.
 C = Inter-level travel time spent in this place.
 D = Time resting spent in this place.
 E = Time spent auto-exploring this place.
 F = Levels seen in this place.
 G = Mean time per level.
                   A        B        C        D        E       F      G
               +--------+--------+--------+--------+--------+-----+--------+
         Total |  12485 |  11981 |    504 |   1733 |   8460 |  13 |  960.4 |
       Dungeon |  12485 |  11981 |    504 |   1733 |   8460 |  13 |  960.4 |
               +--------+--------+--------+--------+--------+-----+--------+

Top non-repeatable levels by time:
     D:8: 1376 daAuts
    D:10: 1328 daAuts
     D:6: 1194 daAuts
    D:12: 1124 daAuts
     D:1: 1095 daAuts
     D:5: 1050 daAuts
     D:7: 1034 daAuts
    D:11: 1033 daAuts
     D:9: 944 daAuts
     D:3: 898 daAuts
     D:2: 749 daAuts
     D:4: 531 daAuts
    D:13: 121 daAuts
